 Dungeon Crawl Stone Soup version 0.25-a0-98-g0cf78c2f83 (webtiles) character file.

Game seed: 13724650534033046447, levelgen mode: deterministic

1017 MrRokkomies the Skirmisher (level 8, -2/74 HPs)
             Began as a Ghoul Monk on Nov 13, 2019.
             Was a Follower of Uskayaw.
             Slain by a steam dragon (4 damage)
             ... on level 5 of the Dungeon.
             The game lasted 00:07:04 (3190 turns).

MrRokkomies the Skirmisher (Ghoul Monk)             Turns: 3190, Time: 00:07:05

Health: -2/74      AC: 10    Str: 17    XL:     8   Next: 22%
Magic:  8/8        EV:  7    Int:  5    God:    Uskayaw [*.....]
Gold:   101        SH:  0    Dex: 11    Spells: 7/7 levels left

rFire    . . .     SeeInvis .     - Unarmed
rCold    + + .     Gourm    .   (no shield)
rNeg     + + +     Faith    .   p - +0 chain mail {rC+}
rPois    ∞         Spirit   .   n - +1 helmet
rElec    .         Reflect  .   (no cloak)
rCorr    .         Harm     .   (no gloves)
MR       .....                  (no boots)
Stlth    ..........             (no amulet)
HPRegen  0.00/turn              (no ring)
MPRegen  0.11/turn              (no ring)

@: rotting
A: rotting body, claws 1, carnivore, cold resistance 1, negative energy
resistance 3, inhibited regeneration, torment resistance, unbreathing
a: Stomp, Renounce Religion


You were on level 5 of the Dungeon.
You worshipped Uskayaw.
Uskayaw was noncommittal.
You were not hungry.

You visited 1 branch of the dungeon, and saw 6 of its levels.

You collected 239 gold pieces.
You spent 138 gold pieces at shops.

Inventory:

Missiles
 e - 34 bolts
Armour
 n - a +1 helmet (worn)
 p - a +0 chain mail of cold resistance (worn)
Wands
 g - a wand of disintegration (19)
Scrolls
 f - a scroll of teleportation
 i - a scroll of immolation {unknown}
 l - a scroll of identify
 o - 2 scrolls of enchant armour
Potions
 a - a potion of flight
 c - a potion of ambrosia {unknown}
 d - a potion of lignification {unknown}
 h - 2 potions of curing
 k - a potion of magic {unknown}
 m - 2 potions of cancellation
Comestibles
 b - 8 rations
 j - 7 chunks of flesh


   Skills:
 * Level 7.6 Fighting
 - Level 2.6 Dodging
 - Level 2.1 Stealth
 * Level 7.6 Unarmed Combat
 + Level 2.6 Invocations


You had 7 spell levels left.
You didn't know any spells.
Your spell library was empty.

Dungeon Overview and Level Annotations

Branches:
Dungeon (6/15)
 Temple: D:4-7

Altars:
Cheibriados
Elyvilon
Kikubaaqudgha
Makhleb
Ru
Uskayaw
Zin

Shops:
D:6 [


Innate Abilities, Weirdness & Mutations

Your body is rotting away.
You thrive on raw meat.
You are immune to poison.
You have sharp fingernails.
You are carnivorous and can eat meat at any time.
Your flesh is cold resistant. (rC+)
You are immune to negative energy. (rN+++)
You do not regenerate when monsters are visible.
You are immune to unholy pain and torment.
You can survive without breathing.


Message History

The steam dragon barely misses you.
The steam dragon claws you but does no damage.
You can no longer pass through a line of other dancers.
The steam dragon barely misses you. The steam dragon closely misses you.
You scratch the steam dragon but do no damage.
The steam dragon is severely wounded.
You hear the slow rusting of a drain nearby.
You are engulfed in a cloud of scalding steam.
* * * LOW HITPOINT WARNING * * *
The steam dragon breathes steam at you. The ball of steam hits you!
* * * LOW HITPOINT WARNING * * *
Okay, then.
Unknown command.
Eat one of 8 chunks of flesh? (ye/n/q)
You eat one of the 8 chunks of flesh.
This raw flesh tastes great!
You are engulfed in a cloud of scalding steam.
* * * LOW HITPOINT WARNING * * *
The steam dragon bites you.
You die...

#≈... #.# ##.... #≈..
#.# #..... #..##)###
#..... #.......#
#.....
#.......#####.....
#######...............
#.....#.########......
#..≈).#.# #.......
+.≈.D@§§# #.#.####
#..≈§§### #.#. #
#...§.# . #######


You could see a steam dragon.

Vanquished Creatures
  An ice beast (D:6)
  Duvessa (D:5)
  A phantom (D:4)
  An ogre (D:6)
  2 bullfrogs (D:6)
  Dowan (D:5)
  A scorpion (D:6)
  A crimson imp (D:6)
  A hound (D:6)
  2 jellies
  A bullfrog skeleton (D:4)
  An orc wizard (D:4)
  2 worker ants
  A killer bee zombie (D:6)
  A hound zombie (D:6)
  Robin (D:2)
  A howler monkey skeleton (D:5)
  5 adders
  A shadow imp (D:6)
  2 oozes (D:5)
  A worm (D:2)
  2 dart slugs
  A leopard gecko (D:1)
  5 orcs
  A bat zombie (D:2)
  8 giant cockroaches
  9 goblins
  9 hobgoblins
  5 jackals
  A quokka (D:5)
  3 bats (D:1)
  3 frilled lizards
  3 kobolds
  5 rats
  A rat zombie (D:2)
85 creatures vanquished.

Notes
Turn   | Place    | Note
-------+----------+-------------------------------------------
     0 | D:1      | MrRokkomies the Ghoul Monk began the quest for the Orb.
     0 | D:1      | Reached XP level 1. HP: 19/19 MP: 0/0
    93 | D:1      | Reached XP level 2. HP: 24/26 MP: 1/1
   680 | D:2      | Reached XP level 3. HP: 30/33 MP: 2/2
   871 | D:2      | Found a glowing silver altar of Zin.
  1008 | D:2      | Reached XP level 4. HP: 34/41 MP: 3/3
  1396 | D:2      | Noticed Robin
  1414 | D:2      | Killed Robin
  1543 | D:2      | Found an ancient bone altar of Kikubaaqudgha.
  1660 | D:3      | Found a white marble altar of Elyvilon.
  1678 | D:4      | Reached skill level 5 in Fighting
  1678 | D:4      | Reached skill level 5 in Unarmed Combat
  1678 | D:4      | Reached XP level 5. HP: 46/48 MP: 4/4
  1695 | D:4      | Noticed a phantom
  1785 | D:4      | Killed a phantom
  1785 | D:4      | Reached XP level 6. HP: 10/57 MP: 5/5
  2037 | D:4      | You fall into a shaft and drop 2 floors!
  2037 | D:6      | Found a sacrificial altar of Ru.
  2037 | D:6      | Found a snail-covered altar of Cheibriados.
  2289 | D:6      | Found a hide-covered altar of Uskayaw.
  2298 | D:6      | Reached XP level 7. HP: 47/63 MP: 6/6
  2315 | D:6      | Became a worshipper of Uskayaw the Reveler
  2315 | D:6      | Reached * piety under Uskayaw
  2386 | D:6      | Reached ** piety under Uskayaw
  2439 | D:6      | Reached skill level 1 in Invocations
  2456 | D:6      | Found the +7 Spriggan's Knife {stab, EV+4 Stlth+}
  2473 | D:6      | Reached *** piety under Uskayaw
  2877 | D:6      | Found Delam's Armour Shoppe.
  2886 | D:6      | Bought a +0 chain mail of cold resistance for 138 gold
                  | pieces
  2939 | D:5      | Entered Level 5 of the Dungeon
  2957 | D:5      | Noticed Duvessa
  2957 | D:5      | Noticed Dowan
  2978 | D:5      | Killed Duvessa
  2978 | D:5      | Reached XP level 8. HP: 69/73 MP: 8/8
  2988 | D:5      | Killed Dowan
  3105 | D:5      | Found a burning altar of Makhleb.
  3189 | D:5      | HP: 1/74 [steam dragon/ball of steam (13)]
  3190 | D:5      | Slain by a steam dragon

Levels and vault maps discovered:
D:1:      sevenhm_arrival_forest_fort_small_6, layout_loops_ring,
          minmay_pentomino_z2
D:2:      layout_loops_ring, nicolae_overflow_crystal_walls,
          lemuel_zombie_altar_kikubaaqudgha, uniq_robin
D:3:      layout_loops_ring, nicolae_overflow_hidden_temple
D:4:      layout_loops_ring, temple_fountains, first_ration
D:5:      minmay_inner_zag, layout_rooms, lemuel_crystal_altar,
          gup_sewer_entry_pipe, chequers_serial_rivers_large_a,
          kennysheep_generic_room_13, uniq_prince_ribbit1, uniq_duvessa
D:6:      layout_loops_ring, grunt_temple_overflow_open, serial_shops,
          kennysheep_little_box, basic_altar, minivault_22

Skill      XL: |  1  2  3  4  5  6  7 |
---------------+----------------------+-----
Unarmed Combat | 4 5 6 7 |  7.6
Fighting       | 4 5 6 7 |  7.6
Invocations    | 2 |  2.6
Dodging        | |  2.6
Stealth        | |  2.1

Action                   |  1- 3 |  4- 6 |  7- 9 || total
-------------------------+-------+-------+-------++-------
Melee: Unarmed           |    94 |   180 |   102 ||   376
       Punch             |     2 |     4 |     2 ||     8
  Use: Scroll            |       |     4 |     5 ||     9
       Potion            |       |     1 |     1 ||     2
 Stab: Distracted        |     1 |       |       ||     1
       Paralysed         |       |       |     3 ||     3
  Eat: Chunk             |     7 |    11 |     4 ||    22
Armor: Scale mail        |    32 |    55 |     9 ||    96
       Robe              |     3 |       |       ||     3
       Chain mail        |       |       |    32 ||    32
Dodge: Dodged            |    61 |    90 |    50 ||   201

Table legend:
 A = Non-vault XP
 B = Vault XP
 C = Vault XP percentage of total XP
 D = Non-vault monster count
 E = Vault monster count
 F = Vault count percentage of total count
                 A         B        C        D         E       F
            +---------+---------+-------+---------+---------+-------
      Total |    1197 |     256 |  17.6 |      68 |      17 |  20.0
            +---------+---------+-------+---------+---------+-------
        D:1 |      27 |       5 |  15.6 |      16 |       2 |  11.1
        D:2 |      92 |      38 |  29.2 |      25 |      13 |  34.2
        D:4 |     211 |       0 |   0.0 |       5 |       0 |   0.0
        D:5 |     114 |     213 |  65.1 |       9 |       2 |  18.2
        D:6 |     753 |       0 |   0.0 |      13 |       0 |   0.0
            +---------+---------+-------+---------+---------+-------
